[Event "3rd FIDE WCCC Blitz G08 2019"]
[Site "Minsk"]
[Date "2019.08.18"]
[Round "8.5"]
[White "Asachenko, Ksenia"]
[Black "Trishkina, Evgeniya"]
[Result "1-0"]
[ECO "C64"]
[WhiteElo "1169"]
[BlackElo "1328"]
[Annotator "NA"]
[PlyCount "24"]
[EventDate "2019.08.18"]
[EventType "swiss"]
[EventCountry "BLR"]
[SourceTitle "playchess.com"]
[Source "ChessBase"]
[SourceQuality "1"]
[TimeControl "300+2"]

1. e4 e5 2. Nf3 Nc6 3. Bb5 Bc5 4. c3 d6 5. O-O Nf6 6. d4 exd4 7. cxd4 Bb6 8. d5 Bd7 9. dxc6 bxc6 10. Bd3 O-O 11. e5 dxe5 12. Nxe5 Re8 1-0

[Event "3rd FIDE WCCC Blitz G08 2019"]
[Site "Minsk"]
[Date "2019.08.18"]
[Round "8.6"]
[White "Skamaroshchanka, Daryia"]
[Black "Kudrina, Evelina"]
[Result "0-1"]
[ECO "A00"]
[WhiteElo "1034"]
[BlackElo "1194"]
[Annotator "NA"]
[PlyCount "140"]
[EventDate "2019.08.18"]
[EventType "swiss"]
[EventCountry "BLR"]
[SourceTitle "playchess.com"]
[Source "ChessBase"]
[SourceQuality "1"]
[TimeControl "300+2"]

1. g3 d5 2. Bg2 e5 3. b3 c5 4. Bb2 Nc6 5. d3 Nf6 6. Nd2 Bd6 7. e3 O-O 8. Ne2 Bg4 9. O-O Qd7 10. e4 d4 11. Qe1 Bh3 12. f4 Bxg2 13. Kxg2 exf4 14. Nxf4 Rfe8 15. Nc4 b5 16. Nxd6 Qxd6 17. c3 Ng4 18. cxd4 cxd4 19. Nd5 Qh6 20. h3 Ne3+ 21. Nxe3 dxe3 22. Bc1 Qd6 23. Qxe3 Nd4 24. Bb2 Nc2 25. Qf4 Qxf4 26. Rxf4 Nxa1 27. Bxa1 f6 28. Rf5 a6 29. Kf3 Rac8 30. a4 Rc1 31. Bd4 bxa4 32. bxa4 Rd8 33. Rd5 Rxd5 34. exd5 Kf7 35. Ke4 Rh1 36. h4 Rc1 37. Bb6 Ra1 38. a5 Rc1 39. Kd4 Rc8 40. d6 Ke6 41. Bc7 g5 42. hxg5 fxg5 43. Kc5 Kd7 44. Kb6 h5 45. Kxa6 Rxc7 46. dxc7 Kxc7 47. Kb5 Kb7 48. Kc4 h4 49. gxh4 gxh4 50. a6+ Kxa6 51. d4 h3 52. Kd3 h2 53. d5 h1=Q 54. Kd4 Qh8+ 55. Kc5 Qd8 56. d6 Ka5 57. Kc6 Kb4 58. Kd5 Kb5 59. Ke6 Kc6 60. Ke5 Qxd6+ 61. Ke4 Qd5+ 62. Ke3 Qc4 63. Kf3 Qd4 64. Ke2 Qc3 65. Kf2 Qd3 66. Ke1 Qc2 67. Kf1 Kd5 68. Ke1 Ke4 69. Kf1 Kf3 70. Ke1 Qe2# 0-1

[Event "3rd FIDE WCCC Blitz G08 2019"]
[Site "Minsk"]
[Date "2019.08.18"]
[Round "9.1"]
[White "Preobrazhenskaya, Diana"]
[Black "Frolova, Umila"]
[Result "1-0"]
[ECO "B06"]
[WhiteElo "1361"]
[BlackElo "1252"]
[Annotator "NA"]
[PlyCount "83"]
[EventDate "2019.08.18"]
[EventType "swiss"]
[EventCountry "BLR"]
[SourceTitle "playchess.com"]
[Source "ChessBase"]
[SourceQuality "1"]
[TimeControl "300+2"]

1. e4 g6 2. d4 Bg7 3. Nf3 d6 4. Bd3 Nf6 5. O-O O-O 6. Nbd2 e5 7. dxe5 dxe5 8. Nxe5 Nxe4 9. Nxe4 Bxe5 10. Bh6 Bg7 11. Bxg7 Kxg7 12. Qf3 Nc6 13. Qf4 Qe7 14. Rfe1 Be6 15. Ng5 Qd7 16. Qh4 h5 17. Nxe6+ fxe6 18. Qg3 Qf7 19. Bc4 Rae8 20. Qc3+ Kh7 21. f3 Qf6 22. Qd2 Ne5 23. Bb3 c5 24. Qc3 Nd7 25. Qd2 Qd4+ 26. Qxd4 cxd4 27. Bxe6 Nc5 28. Bc4 Re3 29. Rxe3 dxe3 30. Re1 Re8 31. b4 Na4 32. Bb5 Re7 33. Bxa4 a6 34. c4 Kg7 35. Kf1 Kf6 36. Ke2 Ke5 37. Kxe3 Kd6+ 38. Kd2 Rc7 39. c5+ Kd5 40. Bb3+ Kc6 41. Re6+ Kb5 42. Rb6# 1-0

[Event "3rd FIDE WCCC Blitz G08 2019"]
[Site "Minsk"]
[Date "2019.08.18"]
[Round "9.2"]
[White "Matskevich, Varvara"]
[Black "Phan, Nguyen Mai Chi"]
[Result "1/2-1/2"]
[ECO "B76"]
[WhiteElo "1176"]
[BlackElo "2139"]
[Annotator "ChessBase"]
[PlyCount "214"]
[EventDate "2019.08.18"]
[EventType "swiss"]
[EventCountry "BLR"]
[SourceTitle "playchess.com"]
[Source "ChessBase"]
[SourceQuality "1"]
[TimeControl "300+2"]

1. e4 c5 2. Nf3 d6 3. d4 cxd4 4. Nxd4 Nf6 5. Nc3 g6 6. f3 Bg7 7. Be3 O-O 8. Be2 Nc6 9. O-O Bd7 10. a3 Nxd4 11. Bxd4 Bc6 12. Qd2 Qc7 13. Rac1 Rfd8 14. Bb5 a6 15. Bxc6 Qxc6 16. Rcd1 Rac8 17. Rfe1 b5 18. Qe2 Qc7 19. Kh1 Qc4 20. Qxc4 Rxc4 21. Bb6 Rb8 22. Ba5 Rcc8 23. Bb4 Nd7 24. Rb1 Ra8 25. Ba5 Nc5 26. Nd5 Bf6 27. Nb6 Nb7 28. Nxa8 Rxa8 29. Bd2 Rc8 30. c3 Nc5 31. Be3 Nb3 32. Red1 h5 33. Kg1 Kg7 34. Kf2 Rc6 35. Ke2 Na5 36. h3 Nc4 37. Bd4 e5 38. Bf2 Bg5 39. Rd5 Be7 40. h4 f6 41. Rdd1 Kf7 42. Kd3 Ke6 43. Kc2 f5 44. exf5+ Kxf5 45. Re1 Bd8 46. Kb3 a5 47. Kc2 Be7 48. Rbd1 Bf8 49. Rd5 b4 50. axb4 axb4 51. b3 Nb6 52. Rd3 bxc3 53. Rxc3 Rxc3+ 54. Kxc3 Nd5+ 55. Kc4 Nf4 56. Rg1 Ne2 57. Re1 Nf4 58. g3 Nh3 59. Bb6 g5 60. hxg5 Nxg5 61. Rf1 Be7 62. Kd5 Nh7 63. Be3 Nf6+ 64. Kc4 d5+ 65. Kd3 Nd7 66. Ba7 Bb4 67. Be3 Nb8 68. Ba7 Nc6 69. Be3 Ba5 70. Ke2 Bc7 71. Bd2 Nd4+ 72. Ke3 Nxb3 73. Bb4 Nd4 74. Bc5 Nb3 75. Ba7 d4+ 76. Kd3 Na5 77. Bc5 Nb7 78. Bf8 Nd8 79. Ba3 Ne6 80. Bc1 Nc5+ 81. Kc4 Nd7 82. Kd3 Bb6 83. Bb2 Nb8 84. Ba3 Nc6 85. Re1 Bc7 86. Re4 Na7 87. Bc5 Nb5 88. Bb4 Na7 89. Re1 Nc6 90. Ba3 Na5 91. Rb1 Bd8 92. Rb5 Nc6 93. Rc5 Be7 94. Rxc6 Bxa3 95. Rh6 Kg5 96. Ra6 Bc1 97. Ke4 Bd2 98. Kxe5 Be1 99. f4+ Kg4 100. Kxd4 Bxg3 101. Rg6+ Kxf4 102. Rh6 h4 103. Kd3 Kf3 104. Rf6+ Kg2 105. Ke2 h3 106. Rh6 h2 107. Rxh2+ Bxh2 1/2-1/2

[Event "3rd FIDE WCCC Blitz G08 2019"]
[Site "Minsk"]
[Date "2019.08.18"]
[Round "9.3"]
[White "Kudrina, Evelina"]
[Black "Tong, Thai Hoang An"]
[Result "0-1"]
[ECO "D45"]
[WhiteElo "1194"]
[BlackElo "1208"]
[Annotator "NA"]
[PlyCount "90"]
[EventDate "2019.08.18"]
[EventType "swiss"]
[EventCountry "BLR"]
[SourceTitle "playchess.com"]
[Source "ChessBase"]
[SourceQuality "1"]
[TimeControl "300+2"]

1. d4 d5 2. c4 e6 3. Nc3 c6 4. e3 Nf6 5. Nf3 Nbd7 6. cxd5 cxd5 7. Bd3 Bd6 8. e4 dxe4 9. Nxe4 Nxe4 10. Bxe4 O-O 11. O-O Nf6 12. Bd3 b6 13. Bg5 Bb7 14. Ne5 h6 15. Bh4 Rc8 16. f4 Be7 17. Be2 Nd5 18. Bxe7 Qxe7 19. Bf3 Ne3 20. Qe2 Nxf1 21. Bxb7 Qxb7 22. Rxf1 Rc7 23. Qg4 Qe4 24. Rd1 Rfc8 25. a3 Rc1 26. b4 Qe3+ 27. Kf1 Rxd1+ 28. Qxd1 Rc1 29. Qxc1 Qxc1+ 30. Ke2 Qxf4 31. Nc6 Qe4+ 32. Kf2 Qxc6 33. Ke3 Qc3+ 34. Ke4 Qxa3 35. d5 Qxb4+ 36. Ke5 exd5 37. Kxd5 a5 38. g4 a4 39. h4 a3 40. g5 a2 41. gxh6 a1=Q 42. h7+ Kxh7 43. h5 Qd1+ 44. Ke5 Qe7+ 45. Kf5 Qf3# 0-1

[Event "3rd FIDE WCCC Blitz G08 2019"]
[Site "Minsk"]
[Date "2019.08.18"]
[Round "9.4"]
[White "Olimova, Rukiya"]
[Black "Asachenko, Ksenia"]
[Result "1-0"]
[ECO "D00"]
[WhiteElo "1178"]
[BlackElo "1169"]
[Annotator "NA"]
[PlyCount "53"]
[EventDate "2019.08.18"]
[EventType "swiss"]
[EventCountry "BLR"]
[SourceTitle "playchess.com"]
[Source "ChessBase"]
[SourceQuality "1"]
[TimeControl "300+2"]

1. d4 d5 2. Bf4 c5 3. e3 Nc6 4. Nf3 Nf6 5. Nbd2 Qb6 6. b3 e6 7. dxc5 Bxc5 8. Bd3 Bd7 9. O-O O-O 10. Qe2 Rfe8 11. Ne5 Nxe5 12. Bxe5 Be7 13. Nf3 Ng4 14. Bd4 Qd6 15. h3 Nf6 16. Rfd1 Rac8 17. c4 Qc7 18. Rac1 Qa5 19. Ne5 Bc6 20. Nxc6 Rxc6 21. cxd5 Nxd5 22. Rxc6 bxc6 23. Qh5 h6 24. e4 Qxa2 25. exd5 cxd5 26. Qg4 Kh8 27. Qxg7# 1-0

[Event "3rd FIDE WCCC Blitz G08 2019"]
[Site "Minsk"]
[Date "2019.08.18"]
[Round "9.5"]
[White "Polakiewicz, Blanka"]
[Black "Dandish, Izabella"]
[Result "1-0"]
[ECO "B13"]
[WhiteElo "1135"]
[BlackElo "1563"]
[Annotator "NA"]
[PlyCount "109"]
[EventDate "2019.08.18"]
[EventType "swiss"]
[EventCountry "BLR"]
[SourceTitle "playchess.com"]
[Source "ChessBase"]
[SourceQuality "1"]
[TimeControl "300+2"]

1. e4 c6 2. d4 d5 3. exd5 cxd5 4. Bd3 Nc6 5. c3 Nf6 6. h3 h6 7. Nf3 e6 8. O-O Bd6 9. Be3 O-O 10. Nbd2 Qb6 11. Rb1 e5 12. dxe5 Qd8 13. exd6 Qxd6 14. Bb5 Bd7 15. Bxc6 Bxc6 16. Nb3 Rfe8 17. Bc5 Qd7 18. Nbd4 b6 19. Bb4 a5 20. Nxc6 Qxc6 21. Ba3 Rad8 22. Nd4 Qc7 23. Qf3 Ne4 24. Qd3 Qf4 25. Rbd1 Re5 26. Nc6 Rde8 27. Nxe5 Rxe5 28. Qf3 Qh4 29. Rd4 Rg5 30. Be7 f6 31. Ba3 Kh8 32. c4 Re5 33. cxd5 Qg5 34. Rxe4 Rxd5 35. Re8+ Kh7 36. Qe4+ Rf5 37. g4 h5 38. Qxf5+ Qxf5 39. gxf5 h4 40. Re6 Kh6 41. Rxb6 Kg5 42. Ra6 Kxf5 43. Rxa5+ Kg6 44. b4 Kh7 45. b5 Kg6 46. b6 Kh7 47. b7 Kg6 48. b8=Q Kh7 49. Qf4 Kg8 50. Ra8+ Kh7 51. Qxh4+ Kg6 52. Qg4+ Kf7 53. Ra7+ Ke8 54. Qxg7 f5 55. Qg8# 1-0

[Event "3rd FIDE WCCC Blitz G08 2019"]
[Site "Minsk"]
[Date "2019.08.18"]
[Round "9.6"]
[White "Izafatava, Kira"]
[Black "Ukrainskaya, Ilona"]
[Result "1-0"]
[ECO "B19"]
[WhiteElo "1144"]
[BlackElo "1211"]
[Annotator "NA"]
[PlyCount "81"]
[EventDate "2019.08.18"]
[EventType "swiss"]
[EventCountry "BLR"]
[SourceTitle "playchess.com"]
[Source "ChessBase"]
[SourceQuality "1"]
[TimeControl "300+2"]

1. e4 c6 2. d4 d5 3. Nd2 dxe4 4. Nxe4 Bf5 5. Ng3 Bg6 6. Nf3 Nd7 7. h4 h6 8. h5 Bh7 9. Bd3 Bxd3 10. Qxd3 e6 11. Bf4 Be7 12. O-O-O Ngf6 13. Ne4 Nxe4 14. Qxe4 Nf6 15. Qe3 Qd7 16. Ne5 Qd5 17. f3 Rf8 18. g4 O-O-O 19. Kb1 Rde8 20. c4 Qd8 21. d5 Qb6 22. Qxb6 axb6 23. dxc6 bxc6 24. Nxc6 Kb7 25. Nxe7 Rxe7 26. Bd6 Ree8 27. Bxf8 Rxf8 28. Kc2 Rc8 29. Kb3 Kc6 30. Kb4 Rc7 31. Rd3 Nd7 32. Rhd1 Nc5 33. Rd6+ Kb7 34. Kb5 Ka7 35. Rxb6 Rc8 36. Rdd6 Rc7 37. Rbc6 Rxc6 38. Kxc6 Na6 39. Rd7+ Ka8 40. Kb6 Nb4 41. Rd8# 1-0